Map: Thunderbird LE

Players

HeroMarine - Winner!

  • Race: Terran Terran
  • League: Grandmaster
  • Spawn Location: 11:00

LiquidTaeJa (TaeJa)

  • Race: Terran Terran
  • League: Diamond
  • Spawn Location: 5:00

Event: 2019 Assembly Summer

VOD

Have the link to the VOD?

Description

Time

  • Played on: Aug. 1, 2019, 2:16 p.m.
  • Length: 12:43

All games in this series

Show
View Real Time Build Order
Export as new Build Order

HeroMarine Terran - Winner!

Build Orders: Gas First Reaper Expand 

Get SALT Encoding   

  12  0:00  SCV  
  13  0:13  SCV  
  14  0:17  Supply Depot  
  14  0:25  SCV  
  14  0:27  Refinery  
  15  0:39  SCV  
  16  0:43  Barracks  
  16  0:51  SCV  
  17  1:03  SCV  
  18  1:15  SCV  
  19  1:30  Reaper, Orbital Command  
  20  1:43  Command Center  
  20  1:53  Factory  
  20  1:58  SCV  
  21  2:06  Barracks Reactor  
  21  2:08  Supply Depot  
  21  2:12  SCV  
  22  2:19  Refinery  
  22  2:24  SCV  
  23  2:36  SCV  
  24  2:43  Starport  
  24  2:48  Hellion x2, SCV  
  29  2:55  Orbital Command  
  29  3:00  SCV  
  30  3:09  Hellion  
  30  3:10  Hellion  
  30  3:12  Barracks Tech Lab  
  34  3:14  SCV  
  35  3:20  Starport Tech Lab  
  35  3:21  SCV  
  35  3:26  SCV  
  37  3:29  Supply Depot  
  37  3:33  Refinery, SCV  
  38  3:38  SCV  
  38  3:39  Marine x2, Raven  
  43  3:45  SCV  
  44  3:50  SCV  
  44  3:51  Cyclone  
  48  3:58  SCV  
  48  4:01  Marine x2  
  48  4:03  SCV  
  47  4:10  SCV  
  47  4:15  SCV  
  49  4:19  Marine x2  
  49  4:22  SCV  
  51  4:25  Siege Tank  
  51  4:30  Command Center  
  54  4:33  Supply Depot  
  54  4:34  SCV x2  
  54  4:37  Marine x2  
  58  4:42  Raven  
  60  4:46  SCV x2  
  60  4:52  Refinery  
  62  4:55  Marine x2  
  62  4:56  Supply Depot  
  62  4:58  SCV x2  
  66  5:01  Siege Tank  
  67  5:10  SCV x2  
  67  5:13  Marine  
  70  5:18  Marine  
  70  5:20  Supply Depot  
  71  5:22  SCV x2  
  71  5:25  Raven  
  75  5:30  Barracks  
  75  5:32  Barracks  
  75  5:34  SCV x2  
  77  5:37  Supply Depot, Marine  
  77  5:41  Marine  
  79  5:44  Siege Tank  
  79  5:46  SCV  
  79  5:48  SCV  
  79  5:49  Orbital Command  
  85  5:58  SCV  
  85  6:00  SCV  
  85  6:03  Engineering Bay  
  88  6:04  Engineering Bay  
  88  6:10  SCV  
  87  6:12  SCV  
  87  6:15  SCV  
  87  6:18  Stimpack, Viking x2  
  93  6:19  Barracks Reactor x2  
  93  6:23  Supply Depot, Marine, SCV  
  93  6:24  SCV  
  96  6:27  Siege Tank, SCV  
  100  6:35  SCV  
  100  6:36  SCV  
  100  6:39  SCV  
  103  6:41  Marine  
  105  6:47  SCV  
  105  6:48  Viking x2  
  105  6:49  SCV  
  105  6:51  SCV  
  109  6:54  Terran Infantry Weapons Level 1  
  109  6:55  Marine  
  109  6:57  Barracks x2  
  109  6:58  Marine  
  109  6:59  SCV  
  109  7:01  SCV  
  113  7:03  Marine x3  
  113  7:04  SCV  
  117  7:09  Supply Depot, Refinery x2  
  117  7:10  Supply Depot x2  
  117  7:12  Terran Infantry Armor Level 1  
  117  7:30  Viking, Siege Tank, SCV x3  
  117  7:32  Supply Depot, Viking  
  117  7:33  Supply Depot x2  
  117  7:34  Marine x5  
  132  7:41  Command Center  
  132  7:45  Barracks Reactor x2  
  132  7:46  SCV x3  
  135  7:58  Marine x2, SCV x2  
  136  7:59  SCV  
  136  8:04  Marine x3  
  146  8:05  Siege Tank, Medivac x2  
  146  8:09  Supply Depot  
  146  8:12  Supply Depot  
  150  8:16  Marine x2  
  150  8:19  Combat Shield  
  152  8:20  Armory  
  152  8:21  SCV x3  
  152  8:24  Marine x5  
  152  8:25  Marine x2  
  159  8:29  Refinery  
  159  8:34  Factory, Refinery  
  159  8:35  Medivac x2  
  161  8:42  Marine x5  
  161  8:43  Marine  
  161  8:45  Siege Tank  
  168  8:52  Marine x2  
  168  9:03  Command Center  
  168  9:06  Terran Infantry Weapons Level 2, Terran Infantry Armor Level 2  
  168  9:08  Terran Vehicle Weapons Level 1  
  168  9:09  Marine x3  
  171  9:10  Marine x2  
  171  9:11  Marine x2  
  173  9:21  Siege Tank  
  173  9:23  Starport x2  
  176  9:27  Sensor Tower  
  176  9:29  Planetary Fortress, Missile Turret  
  176  9:34  Marine  
  176  9:35  Marine x6  
  183  9:42  Viking  
  183  9:43  Viking  
  186  9:54  Barracks Reactor  
  186  9:55  Marine x3  
  186  9:56  Siege Tank  
  186  9:58  Siege Tank  
  193  10:06  Marine x2  
  194  10:07  Marine x2  
  194  10:09  Marine  
  194  10:12  Marine  
  177  10:18  Marine  
  177  10:20  Marine  
  178  10:24  Liberator  
  178  10:25  Liberator  
  178  10:26  Marine x2  
  178  10:27  Marine x3  
  172  10:29  Siege Tank  
  172  10:30  Marine, Siege Tank  
  172  10:35  Starport Tech Lab x2  
  172  10:38  Marine x2  
  172  10:42  Command Center  
  180  10:49  Orbital Command  
  180  11:01  Supply Depot  
  180  11:02  Marine x5, Siege Tank  
  188  11:11  Marine, Siege Tank  
  188  11:13  Marine x4  
  163  11:20  Marine x5  
  163  11:21  Raven x2  
  167  11:29  Marine  
  167  11:30  Marine x3  
  167  11:31  Marine  
  172  11:34  Siege Tank  
  172  11:37  Marine x5  
  178  11:47  Marine  
  178  11:48  Marine x4  
  178  11:52  Viking x2  
  187  11:55  Marine x3  
  187  11:56  Marine x2  
  187  11:59  Orbital Command  
  192  12:04  Marine  
  192  12:06  Marine  
  194  12:09  Marine x2  
  196  12:16  Marine x2  
  196  12:20  Command Center  
  196  12:21  Marine x3  
  190  12:24  Marine x3  
Show
View Real Time Build Order
Export as new Build Order

LiquidTaeJa Terran 

Build Orders: Gas First Reaper Expand 

Get SALT Encoding   

  12  0:00  SCV  
  13  0:12  SCV  
  14  0:17  Supply Depot  
  14  0:24  SCV  
  14  0:28  Refinery  
  15  0:38  SCV  
  16  0:44  Barracks  
  16  0:50  SCV  
  17  1:02  SCV  
  18  1:14  SCV  
  19  1:30  Orbital Command  
  19  1:31  Reaper  
  20  1:44  Command Center  
  20  1:56  SCV  
  20  1:59  Factory  
  21  2:07  Barracks Reactor  
  21  2:09  SCV  
  21  2:13  Supply Depot  
  22  2:16  Refinery  
  22  2:21  SCV  
  23  2:34  SCV  
  24  2:43  Starport  
  24  2:47  SCV  
  24  2:50  Hellion x2  
  29  2:56  Orbital Command  
  29  2:59  SCV  
  29  3:02  Barracks Tech Lab  
  30  3:11  SCV  
  30  3:12  Hellion x2  
  35  3:23  SCV  
  35  3:24  SCV  
  37  3:27  Supply Depot, Raven  
  39  3:34  Refinery  
  39  3:36  SCV  
  39  3:37  SCV  
  39  3:39  Marine  
  39  3:40  Marine  
  43  3:42  Factory Tech Lab  
  43  3:49  Supply Depot, SCV  
  43  3:50  SCV  
  43  4:00  Marine  
  43  4:01  Marine  
  43  4:06  SCV x2  
  41  4:11  Raven  
  43  4:18  SCV x2  
  43  4:19  Marine x2  
  47  4:29  Command Center  
  47  4:30  Siege Tank, SCV x2  
  51  4:36  Marine x2, Refinery  
  53  4:42  Supply Depot, SCV  
  54  4:49  SCV  
  55  4:54  Raven, SCV  
  55  4:55  Marine x2  
  55  4:58  Supply Depot  
  60  5:02  SCV  
  60  5:07  SCV  
  61  5:14  SCV  
  61  5:16  Marine  
  61  5:17  Marine  
  61  5:19  SCV  
  64  5:23  Engineering Bay  
  64  5:24  Siege Tank  
  64  5:25  Engineering Bay  
  64  5:26  SCV  
  64  5:27  Supply Depot  
  68  5:31  SCV  
  69  5:38  SCV  
  69  5:42  Orbital Command  
  70  5:43  Marine, SCV  
  70  5:44  Stimpack  
  70  5:45  Barracks  
  70  5:46  Viking, Barracks  
  74  5:51  Viking  
  74  5:53  SCV  
  74  5:55  SCV  
  74  5:56  Terran Infantry Weapons Level 1  
  78  5:58  Terran Infantry Armor Level 1  
  78  6:02  Marine  
  79  6:05  Siege Tank  
  79  6:07  SCV  
  79  6:09  SCV x2  
  85  6:19  Viking, SCV  
  85  6:20  Marine  
  85  6:21  Viking, SCV x2  
  93  6:27  Supply Depot  
  93  6:28  Supply Depot  
  93  6:31  SCV  
  94  6:33  Barracks Reactor, SCV  
  94  6:34  Barracks Reactor  
  94  6:37  Marine  
  94  6:38  SCV  
  94  6:39  Barracks  
  97  6:41  Barracks  
  97  6:43  SCV  
  97  6:44  Siege Tank  
  97  6:46  SCV  
  93  6:54  SCV  
  93  6:55  SCV  
  93  6:56  Marine  
  93  6:58  SCV  
  94  7:06  Medivac x2, SCV  
  94  7:07  SCV  
  100  7:10  SCV  
  101  7:16  Refinery x2  
  101  7:18  Supply Depot, SCV  
  101  7:19  SCV  
  101  7:22  SCV  
  104  7:27  Armory  
  104  7:30  Barracks Reactor, SCV  
  104  7:31  Marine x4, SCV  
  104  7:32  Marine  
  104  7:34  SCV  
  104  7:36  Barracks Reactor  
  112  7:42  SCV  
  112  7:43  SCV  
  114  7:44  Combat Shield  
  114  7:46  SCV  
  114  7:47  Siege Tank  
  114  7:48  Marine  
  114  7:49  Marine  
  114  7:51  Marine  
  121  7:54  Supply Depot x2  
  121  7:55  SCV  
  121  7:56  SCV  
  122  8:01  Marine  
  122  8:02  Marine  
  122  8:04  SCV  
  113  8:06  Viking x2, Marine x3  
  113  8:07  Marine, SCV  
  113  8:08  Marine  
  123  8:14  Marine x2  
  123  8:15  Terran Infantry Weapons Level 2  
  123  8:18  Terran Infantry Armor Level 2  
  123  8:19  Marine x2  
  126  8:24  Marine x2  
  126  8:26  Marine, Command Center  
  126  8:27  Marine x2  
  129  8:30  SCV  
  129  8:32  Marine  
  129  8:34  Sensor Tower  
  134  8:38  Medivac x2  
  138  8:44  Siege Tank  
  141  8:52  Supply Depot x2  
  141  8:54  Marine x7  
  148  8:58  Marine  
  148  9:01  Terran Vehicle Weapons Level 1  
  149  9:08  Factory  
  149  9:09  Supply Depot x3  
  149  9:13  Marine x3  
  156  9:17  Siege Tank  
  156  9:20  Medivac x2  
  156  9:23  Marine x3  
  162  9:24  Marine  
  162  9:26  Barracks Reactor  
  162  9:27  Marine  
  162  9:31  Marine  
  165  9:36  Marine x2  
  167  9:40  SCV x3  
  167  9:41  Marine x2  
  167  9:45  Marine x3  
  175  9:48  Marine  
  175  9:51  Refinery  
  175  9:52  SCV x2  
  178  9:59  Refinery  
  172  10:02  Marine x2  
  172  10:07  Marine  
  174  10:13  Marine x4, Siege Tank  
  136  10:29  Marine  
  136  10:31  Marine  
  136  10:32  Marine x8  
  136  10:34  Viking  
  136  10:35  Viking  
  139  10:37  Planetary Fortress  
  139  10:39  Starport, Fusion Core  
  139  10:40  Starport  
  139  10:42  Siege Tank  
  142  10:45  Siege Tank  
  142  10:46  SCV  
  142  10:47  Marine, SCV x2  
  142  10:49  Marine, Sensor Tower  
  150  10:50  Marine x3  
  153  10:57  Marine x2  
  153  10:58  Marine x3  
  153  10:59  SCV  
  159  11:04  Viking  
  159  11:05  Viking  
  159  11:08  Marine x2  
  165  11:14  Marine x2  
  165  11:18  Siege Tank  
  130  11:21  Marine, Siege Tank  
  130  11:22  Marine  
  128  11:26  Command Center  
  128  11:27  Marine x4  
  128  11:29  Viking x2  
  132  11:34  Viking  
  132  11:37  Viking  
  132  11:38  Marine x4  
  132  11:39  Marine x2  
  120  11:50  Marine, Siege Tank  
  120  11:51  Marine  
  120  11:52  Marine x2  
  127  11:56  Marine x3  
  127  11:58  Marine x3  
  127  11:59  Viking x2  
  137  12:04  Viking  
  137  12:07  Marine  
  140  12:09  Marine x2  
  140  12:12  Viking  
  125  12:23  Marine x3  
  125  12:25  Marine x3  
Tags
 
Add a new tag
Caveats
  • Supply blocks, unpowered buildings, or Contaminate may cause inaccurate times.
  • Supply counts are checked every 10 seconds.